 Dungeon Crawl Stone Soup version 0.30.0-10-gfe55d96785 (webtiles) character file.

Game seed: 13048508836104031327

68 xSliceyx the Covered (level 4, 9/35 HPs)
             Began as a Demonspawn Fighter on May 14, 2023.
             Quit the game on level 1 of the Dungeon.
             The game lasted 00:06:39 (1232 turns).

xSliceyx the Covered (Demonspawn Fighter)           Turns: 1232, Time: 00:06:39

Health: 9/35       AC:  6    Str: 18    XL:     4   Next: 1%
Magic:  4/4        EV:  9    Int:  9    God:
Gold:   77         SH:  9    Dex: 13    Spells: 3/3 levels left

rFire   . . .        f - +2 whip (venom)
rCold   . . .        c - +0 buckler
rNeg    . . .        b - +0 scale mail
rPois   .            (no helmet)
rElec   .            (no cloak)
rCorr   .            (no gloves)
SInv    .            (no boots)
Will    .....        (no amulet) Stlth
                     (no ring)
HPRegen 0.25/turn    (no ring)
MPRegen 0.09/turn

%: no passive effects
@: no status effects
A: condensation shield, demonic magic 1
a: no special abilities


You were on level 1 of the Dungeon.
You visited 1 branch of the dungeon, and saw 2 of its levels.

You collected 77 gold pieces.

Inventory:

Hand Weapons
 a - a +0 trident
 f - a +2 whip of venom (weapon)
Missiles
 k - 3 javelins (quivered)
 q - 4 poisoned darts
Armour
 b - a +0 scale mail (worn)
 c - a +0 buckler (worn)
Scrolls
 g - 3 scrolls of teleportation {unknown}
 j - a scroll of identify {unknown}
 l - a scroll of enchant armour {unknown}
 n - a scroll of acquirement {unknown}
 o - a scroll of amnesia {unknown}
 p - a scroll of enchant weapon {unknown}
Potions
 d - a potion of might
 e - a potion of invisibility {unknown}
 h - 2 potions of lignification {unknown}
 i - a potion of heal wounds {unknown}
 m - 2 potions of haste {unknown}


   Skills:
 - Level 3.0 Fighting
 - Level 1.8 Polearms
 + Level 3.6 Armour
 + Level 3.6 Shields


You had 3 spell levels left.
You didn't know any spells.
Your spell library contained the following spells:

 Spells                   Type           Power      Damage    Failure   Level
 Apportation              Tloc           0%         N/A       85%         1
 Kiss of Death            Conj/Necr      0%         2d5       85%         1
 Slow                     Hex            0%         N/A       85%         1
 Cigotuvi's Dreadful Rot  Necr/Pois/Air  0%         N/A       94%         2
 Confusing Touch          Hex            0%         N/A       99%         3
 Vampiric Draining        Necr           0%         2d6       99%         3
 Dispel Undead            Necr           0%         3d6       100%        4
 Alistair's Intoxication  Tmut/Pois      0%         N/A       100%        5
 Death Channel            Necr           0%         N/A       100%        6


Dungeon Overview and Level Annotations

Branches:
Dungeon (2/15)

Altars:


Innate Abilities, Weirdness & Mutations

A meltable shield of frost defends you. (SH +4)
Spells you cast may paralyse adjacent enemies.


Message History

The hound barely misses you. The hound bites you.
You closely miss the hound.
The hound is heavily wounded.
The hound bites you but does no damage. The hound closely misses you.
The endoplasm attacks as you move away! The endoplasm barely misses you.
The hound bites you but does no damage. The hound bites you.
The endoplasm attacks as you move away! You block the endoplasm's attack.
You whack the endoplasm!
You kill the endoplasm!
You block the hound's attack.
You hit the hound.
The hound is poisoned.
The hound is severely wounded.
The hound bites you. x2
The hound attacks as you move away! You block the hound's attack.
The hound barely misses you. The hound attacks as you move away!
The hound bites you but does no damage. x2
There is a stone staircase leading up here.
The hound bites you. The hound closely misses you.
You climb upwards.
There is a stone staircase leading down here.
You barely miss the hound.
The hound is severely wounded.
The hound bites you.
You barely miss the hound.
The hound is severely wounded.
The hound barely misses you. x2
You closely miss the hound.
The hound is almost dead.
The hound bites you but does no damage. The hound bites you.
* * * LOW HITPOINT WARNING * * *
You hit the hound.
You kill the hound!
You have reached level 4!
You feel agile.
Your demonic ancestry asserts itself...
A menacing aura infuses your magic.
(D) Dungeon
Where to? (Enter - D:1 @ (x,y), ? - help)
Okay, then.
Are you sure you want to abandon this character and quit the game? (Confirm with "yes".)

.§.≈.#..######.#
.§§≈.#.## #.#
.≈...#.# #.#
≈≈.###.# #.#
...#.#.# #.#
.###.#.# #.#
.....#.# #.###
######## #..†#
.....# ###@#
################.#
.....#.........#.#
≈≈≈≈§≈##...#####.#
.........### #.#
########## #.# #.#
#.# ### #.#


There were no monsters in sight!

Vanquished Creatures
  A hound (D:1)
  3 endoplasms
  7 goblins
  A hobgoblin (D:2)
  6 jackals (D:2)
  6 kobolds
  A quokka (D:1)
  A ball python (D:1)
  4 bats
  2 frilled lizards
  7 rats
39 creatures vanquished.

Notes
Turn   | Place    | Note
-------+----------+-------------------------------------------
     0 | D:1      | xSliceyx the Demonspawn Fighter began the quest for the
                  | Orb.
     0 | D:1      | Reached XP level 1. HP: 18/18 MP: 1/1
   313 | D:1      | Gained mutation: A meltable shield of frost defends you.
                  | (SH +4) [demonic ancestry]
   313 | D:1      | Reached XP level 2. HP: 24/24 MP: 2/2
   786 | D:2      | Noticed a shining eye
   789 | D:2      | Found a faded altar of an unknown god.
   790 | D:2      | Noticed a shining eye
   790 | D:2      | Noticed an eye of devastation
   790 | D:2      | Noticed an eye of devastation
   911 | D:2      | Reached XP level 3. HP: 26/29 MP: 3/3
  1232 | D:1      | Gained mutation: Spells you cast may paralyse adjacent
                  | enemies. [demonic ancestry]
  1232 | D:1      | Reached XP level 4. HP: 9/35 MP: 4/4
  1232 | D:1      | Quit the game

Illustrated notes

Levels and vault maps discovered:
D:1:      psy_arrival_radial02, layout_rooms
D:2:      minmay_chambers_of_ones, layout_rooms,
          hellmonk_ecumenical_altar_watching_god

Skill      XL: |  1  2 |
---------------+-------+-----
Armour         | 3 |  3.6
Shields        | 3 |  3.6
Fighting       | |  3.0
Polearms       | |  1.8

Action                     |  1- 3 |  4- 6 || total
---------------------------+-------+-------++-------
  Melee: Trident           |    18 |       ||    18
         Whip              |    88 |       ||    88
  Throw: Javelin           |     3 |       ||     3
 Armour: Scale mail        |    38 |       ||    38
  Dodge: Dodged            |    43 |       ||    43
  Block: Buckler           |    41 |       ||    41
